 Dungeon Crawl Stone Soup version 0.20-a0-972-gb9bd3e6 (webtiles) character file.

368 kuniqs the Shield-Bearer (level 7, 55/55 HPs)
             Began as a Formicid Fighter on Apr 9, 2017.
             Quit the game on level 6 of the Dungeon.
             The game lasted 00:04:42 (3392 turns).

kuniqs the Shield-Bearer (Formicid Fighter)         Turns: 3392, Time: 00:04:43

Health: 55/55      AC:  7    Str: 20    XL:     7   Next: 1%
Magic:  7/7        EV:  9    Int:  8    God:
Gold:   89         SH: 10    Dex: 12    Spells: 5/6 levels left

rFire    . . .     SeeInvis +   g - -1 short sword (curse)
rCold    . . .     Gourm    .   c - +0 shield
rNeg     . . .     Faith    .   b - +0 scale mail
rPois    .         Spirit   .   (helmet unavailable)
rElec    .         Reflect  .   (no cloak)
rCorr    .         Harm     .   (no gloves)
MR       .....                  (no boots)
Stlth    ..........             (no amulet)
Regen    0.2/turn               (no ring)
MPRegen  0.1/turn               (no ring)

@: no status effects
A: permanent stasis, dig shafts and tunnels, four strong arms, antennae 3
a: Dig, Shaft Self


You were on level 6 of the Dungeon.
You were not hungry.

You visited 1 branch of the dungeon, and saw 6 of its levels.

You collected 89 gold pieces.

Inventory:

Hand Weapons
 a - a +1 long sword
 g - a cursed -1 short sword (weapon)
Armour
 b - a +0 scale mail (worn)
 c - a +0 shield (worn)
Wands
 m - a wand of flame (23/48)
Potions
 f - a potion of lignification {unknown}
 h - 3 potions of curing {@q1}
 j - a potion of flight
 l - a potion of degeneration {unknown}
Comestibles
 d - 3 bread rations
 e - 2 meat rations
 i - a royal jelly
 k - 3 chunks of flesh


   Skills:
 + Level 4.5 Fighting
 + Level 3.3 Long Blades
 + Level 4.8 Armour
 + Level 2.4 Dodging
 + Level 5.0 Shields


You had 5 spell levels left.
You knew the following spells:

 Your Spells              Type           Power        Failure   Level  Hunger
a - Apportation           Tloc           #.....       100%        1    ##.....


Dungeon Overview and Level Annotations

Branches:
Dungeon (6/15)
 Temple: D:4-7

Altars:
Hepliaklqana
Kikubaaqudgha
Sif Muna
Vehumet

Annotations:
D:5 Prince Ribbit


Innate Abilities, Weirdness & Mutations

You cannot be hasted, slowed, berserked, paralysed or teleported.
You can dig through walls and to a lower floor.
Your four strong arms can wield two-handed weapons with a shield.
You have a pair of large antennae on your head. (SInv)


Message History

As you read the scroll labeled BYUG HAD NU USAU, it crumbles to dust.
The dust glows pale cyan!
It was a scroll of random uselessness.
There is a stone staircase leading up here.
You climb upwards.
Prince Ribbit croaks.
Found a throwing net.
There is a stone staircase leading down here.
You climb downwards.
There is a stone staircase leading up here.
h - 3 potions of curing {@q1} (gained 2)
You open the door.
An orc, an orc warrior and an orc wizard come into view.
The orc warrior shouts!
The orc wizard shouts!
The orc shouts!
The orc wizard gestures at you while chanting.
The puff of flame misses you.
A leopard gecko comes into view.
The leopard gecko hisses angrily.
Found a twisted gold wand.
An orc comes into view.
It is wielding a hand axe of electrocution.
The orc shouts!

........# .#
........# .#
........# ..#
........# ..##.
##......#....o.
#......#...{./
#......'.o....
#.....l#{{....
#.....@#......
#......##{.##.
#..######'#....#o.#
#.........+....# .o
#.........#....#
..#
#.........#....#
#...###.###....#
###+ #.#......# {
..#......#


You could see a leopard gecko.

Vanquished Creatures
  Sigmund (D:3)
  Jessica (D:2)
  Natasha (D:2)
  A worker ant (D:3)
  A hound skeleton (D:3)
  3 adders
  An ooze (D:1)
  4 worms
  2 dart slugs
  A leopard gecko (D:2)
  4 orcs (D:3)
  A giant cockroach (D:3)
  5 goblins
  8 hobgoblins
  4 jackals (D:1)
  9 kobolds
  A quokka (D:3)
  9 bats
  6 frilled lizards
  6 rats
69 creatures vanquished.

Notes
Turn   | Place    | Note
-------+----------+-------------------------------------------
     0 | D:1      | kuniqs the Formicid Fighter began the quest for the Orb.
     0 | D:1      | Reached XP level 1. HP: 18/18 MP: 1/1
   152 | D:1      | Reached XP level 2. HP: 21/24 MP: 2/2
   326 | D:1      | Reached XP level 3. HP: 25/29 MP: 3/3
   330 | D:1      | Reached skill level 4 in Shields
   902 | D:2      | You fall through a shaft!
  1168 | D:3      | Reached XP level 4. HP: 11/37 MP: 4/4
  1481 | D:2      | Noticed Natasha
  1492 | D:2      | Killed Natasha
  1492 | D:2      | Reached skill level 1 in Dodging
  1934 | D:2      | Noticed Jessica
  1947 | D:2      | Killed Jessica
  1947 | D:2      | Reached XP level 5. HP: 38/42 MP: 5/5
  2288 | D:3      | Found a deep blue altar of Sif Muna.
  2288 | D:3      | Found an ancient bone altar of Kikubaaqudgha.
  2288 | D:3      | Noticed Sigmund
  2322 | D:3      | Killed Sigmund
  2322 | D:3      | Reached XP level 6. HP: 26/49 MP: 6/6
  2577 | D:3      | Found a hazy altar of Hepliaklqana.
  2675 | D:3      | Reached skill level 5 in Shields
  3185 | D:3      | Found a radiant altar of Vehumet.
  3216 | D:3      | Identified Sif Muna's Tome of the Voyage
  3219 | D:3      | Learned a level 1 spell: Apportation
  3277 | D:4      | Reached XP level 7. HP: 53/55 MP: 7/7
  3299 | D:4      | Noticed a hungry ghost
  3341 | D:3      | You fall through a shaft for 3 floors!
  3364 | D:5      | Entered Level 5 of the Dungeon
  3364 | D:5      | Noticed Prince Ribbit
  3392 | D:6      | Quit the game

Vault maps used:
D:1:      onia_arrival_mini_spirals, serial_bayou_crossing
D:2:      first_bread, uniq_natasha, uniq_jessica
D:3:      grunt_temple_overflow_magic_moments, lemuel_crystal_altar,
          uniq_sigmund
D:4:      okawaru_metal_pillars_1_2
D:5:      serial_shops, nicolae_shop_stone, nicolae_shop_overgrown_old_shop,
          shop_coins, uniq_prince_ribbit1, uniq_eustachio
D:6:      minmay_temple_entry_from_below_a, hangedman_decor_riveting,
          uniq_blork_the_orc

Skill      XL: |  1  2  3  4  5  6 |
---------------+-------------------+-----
Shields        | 4 5 |  5.0
Armour         | 4 |  4.8
Dodging        | 1 2 |  2.4
Fighting       | 4 |  4.5
Long Blades    | 3 |  3.3

Action                   |  1- 3 |  4- 6 |  7- 9 || total
-------------------------+-------+-------+-------++-------
Melee: Long sword        |    63 |       |       ||    63
       Short sword       |    78 |   230 |     4 ||   312
 Abil: Shaft Self        |       |       |     1 ||     1
  Use: Scroll            |     3 |     1 |     1 ||     5
       Potion            |       |     4 |       ||     4
  Eat: Chunk             |     1 |     7 |     3 ||    11
Armor: Scale mail        |    46 |    78 |     2 ||   126
Dodge: Dodged            |    35 |    55 |     2 ||    92
Block: Shield            |    60 |    98 |     3 ||   161
       Rpst.: Long sword |     4 |       |       ||     4
